 Dungeon Crawl Stone Soup version 0.31-a0-219-g8d62b2e7bb (webtiles) character file.

Game seed: 1704631278015263945

937 qw the Skirmisher (level 8, -4/48 HPs)
             Began as a Gargoyle Hexslinger on July 3, 2023.
             Was an Initiate of Okawaru.
             Slain by an orc
             ... wielding a +0 flail
              (7 damage)
             ... on level 7 of the Dungeon.
             The game lasted 00:02:36 (4091 turns).

qw the Skirmisher (Gargoyle Hexslinger)             Turns: 4091, Time: 00:02:37

Health: -4/48      AC: 15    Str: 11    XL:     8   Next: 12%
Magic:  9/9        EV: 15    Int: 15    God:    Okawaru [......]
Gold:   103        SH:  0    Dex: 14    Spells: 8/9 levels left

rFire   . . .        Y - +1 sling
rCold   + . .        (no shield)
rNeg    + . .        f - +0 ring mail
rPois   inf          b - +2 hat of the Gate {rC+ Slay+3}
rElec   +            (no cloak)
rCorr   .            (no gloves)
SInv    +            j - +1 pair of boots
Will    .....        (no amulet)
Stlth   +            i - +5 ring of evasion
HPRegen 0.28/turn    d - ring of see invisible
MPRegen 0.11/turn

%: no passive effects
@: no status effects
A: sickness immunity, AC +5, negative energy resistance 1, electricity
resistance, torment resistance 1, petrification resistance
a: Renounce Religion


You were on level 7 of the Dungeon.
You worshipped Okawaru.
Okawaru was noncommittal.
You visited 2 branches of the dungeon, and saw 7 of its levels.

You collected 313 gold pieces.
You spent 210 gold pieces at shops.


Innate Abilities, Weirdness & Mutations

You are immune to sickness and miasma.
Your stone body is resilient. (AC +5)
You are immune to poison.
You resist negative energy. (rN+)
You are resistant to electric shocks. (rElec)
You are resistant to unholy torment.
You are immune to petrification.


   Skills:
 + Level 4.1 Fighting
 - Level 8.0 Ranged Weapons
 - Level 2.7 Armour
 - Level 1.5 Dodging
 - Level 1.0 Spellcasting
 - Level 2.6 Hexes


You had 8 spell levels left.
You knew the following spells:

 Your Spells              Type           Power      Damage    Failure   Level
a - Slow                  Hex            32%        N/A       19%         1

Your spell library contained the following spells:

 Spells                   Type           Power      Damage    Failure   Level
 Inner Flame              Hex/Fire       4%         N/A       67%         3
 Portal Projectile        Hex/Tloc       8%         N/A       67%         3
 Cause Fear               Hex            4%         N/A       88%         4

Inventory:

Hand Weapons
 Y - a +1 sling (weapon)
Armour
 b - the +2 hat of the Gate (worn) {rC+ Slay+3}
   (You acquired it on level 2 of the Dungeon)

   Slay:      It affects your accuracy & damage with ranged weapons and melee
   (+3).
   rC:        It protects you from cold.
 f - a +0 ring mail (worn)
 j - a +1 pair of boots (worn)
Jewellery
 c - an amulet of guardian spirit
 d - a ring of see invisible (right hand)
 i - a +5 ring of evasion (left hand)
 k - a +6 ring of intelligence
 l - a ring of willpower
 m - an amulet of reflection
Scrolls
 a - a scroll of identify
 n - a scroll of amnesia {unknown}
Potions
 e - a potion of enlightenment
 h - 2 potions of curing {unknown}

Dungeon Overview and Level Annotations

Branches:
Dungeon (5/15)             Temple (1/1) D:5

Altars:
Ashenzari
Dithmenos
Fedhas
Gozag
Hepliaklqana
Kikubaaqudgha
Makhleb
Okawaru
Qazlal
Ru
Sif Muna
Trog
Uskayaw
Vehumet
Wu Jian
Xom
Yredelemnul
The Shining One

Shops:
D:4 =:   D:7 [


Message History

The orc barely misses you.
The orc warrior hits you with a +0 long sword.
You shoot a sling bullet.
The sling bullet closely misses the orc warrior.
The orc closely misses you. The orc warrior closely misses you.
You shoot a sling bullet. The sling bullet hits the orc warrior.
The orc warrior is severely wounded.
The orc hits you with a +0 club. The orc warrior completely misses you.
You shoot a sling bullet. The sling bullet hits the orc warrior.
The orc warrior is almost dead.
The orc barely misses you.
The orc warrior hits you but does no damage.
You shoot a sling bullet.
The sling bullet hits the orc warrior but does no damage.
The orc warrior is almost dead.
The orc misses you. The orc warrior completely misses you.
You shoot a sling bullet.
The sling bullet closely misses the orc warrior.
The orc hits you but does no damage.
The orc warrior hits you with a +0 long sword.
You shoot a sling bullet.
The sling bullet closely misses the orc warrior.
The orc completely misses you.
The orc warrior hits you but does no damage.
The orc misses you. The orc warrior misses you.
You shoot a sling bullet. The sling bullet hits the orc warrior.
You kill the orc warrior!
Okawaru accepts your kill.
Your Armour skill increases to level 2!
You shoot a sling bullet.
The sling bullet hits the orc but does no damage.
You hear the faint creaking of a very distant portcullis.
The orc barely misses you.
You shoot a sling bullet.
The sling bullet closely misses the orc.
The orc barely misses you. The orc hits you with a +0 flail.
You shoot a sling bullet. The sling bullet hits the orc.
The orc is lightly wounded.
The orc misses you. The orc hits you with a +0 flail!
You die...

#########
#...@o..#
#...#o#......
..... #'#
..##. ##..
##'## .# #.


+'\'+ .. # ##'## #. #+# You could see 2 orcs.

Vanquished Creatures
  An orc warrior (D:7)
  An ogre (D:5)
  2 phantoms
  A bullfrog (D:4)
  2 scorpions (D:5)
  3 hounds
  4 iguanas
  Jessica (D:2)
  2 orc wizards (D:5)
  A gnoll (D:5)
  4 adders
  3 worms (D:2)
  3 dart slugs
  12 orcs
  6 ball pythons
  10 bats
  7 endoplasms
  2 giant cockroaches
  6 goblins
  8 hobgoblins
  6 jackals
  6 quokkas
  A frilled lizard (D:2)
  8 kobolds
  4 rats
104 creatures vanquished.

Notes
Turn   | Place    | Note
-------+----------+-------------------------------------------
     0 | D:1      | qw the Gargoyle Hexslinger began the quest for the Orb.
     0 | D:1      | Reached XP level 1. HP: 12/12 MP: 2/2
     0 | D:1      | 0 ||| qw: Version: 0.3-a-40-ge99b1a8
     0 | D:1      | 0 ||| qw: Game counter: 315
     0 | D:1      | 0 ||| qw: Melee chars always use a shield: true
     0 | D:1      | 0 ||| qw: God list: Okawaru
     0 | D:1      | 0 ||| qw: Allow faded altars: false
     0 | D:1      | 0 ||| qw: Do Orc after clearing Dungeon:15 true
     0 | D:1      | 0 ||| qw: Do second Lair branch before Depths: true
     0 | D:1      | 0 ||| qw: Lair rune preference: random
     0 | D:1      | 0 ||| qw: Goals: Normal
     0 | D:1      | 0 ||| PLANNING D:1-11
     2 | D:1      | Noticed a gargoyle
     2 | D:1      | Noticed a merfolk
     4 | D:1      | Noticed an armataur
     4 | D:1      | Noticed a troll
     6 | D:1      | Noticed a human
     6 | D:1      | Noticed a felid
    10 | D:1      | Noticed a meteoran
    12 | D:1      | Noticed a demonspawn
    12 | D:1      | Noticed a naga
    14 | D:1      | Noticed a demigod
    14 | D:1      | Noticed a ghoul
    16 | D:1      | Noticed a spriggan
    16 | D:1      | Noticed an octopode
    18 | D:1      | Noticed a minotaur
    18 | D:1      | Noticed a tengu
    20 | D:1      | Noticed an ogre
    20 | D:1      | Noticed an elf
    22 | D:1      | Noticed a draconian
    22 | D:1      | Noticed a vampire
    24 | D:1      | Noticed a vine stalker
    26 | D:1      | Noticed a formicid
    26 | D:1      | Noticed a vine stalker
    97 | D:1      | Reached XP level 2. HP: 16/16 MP: 3/3
   183 | D:1      | Reached skill level 3 in Ranged Weapons
   422 | D:1      | 422 ||| UPGRADING to +0 ring mail.
   432 | D:1      | 432 ||| DROPPING +0 robe.
   433 | D:1      | 433 ||| UPGRADING to +5 ring of evasion.
   434 | D:1      | 434 ||| READING scroll labelled DYJASTR AHON.
   435 | D:1      | 435 ||| READING scroll labelled PEFREGG RENIAM.
   436 | D:1      | 436 ||| READING scroll labelled BEC BONOIRUDUORR.
   440 | D:1      | 440 ||| DRINKING 2 bubbling blue potions.
   441 | D:1      | 441 ||| DROPPING scroll of poison.
   590 | D:2      | Reached XP level 3. HP: 20/21 MP: 4/4
   616 | D:2      | 616 ||| FLEEEEING.
   617 | D:2      | 617 ||| FLEEEEING.
   730 | D:2      | Found a faded altar of an unknown god.
   733 | D:2      | Noticed Jessica
   741 | D:2      | Killed Jessica
   742 | D:2      | Reached skill level 4 in Ranged Weapons
   742 | D:2      | Reached XP level 4. HP: 26/26 MP: 5/5
   776 | D:2      | Found a sacrificial altar of Ru.
   856 | D:2      | Reached skill level 1 in Armour
  1182 | D:2      | 1182 ||| READING scroll labelled WICACV RIRAESH.
  1183 | D:2      | 1183 ||| READING scroll labelled ROLEBL YNGERETI.
  1183 | D:2      | Identified a scroll of acquirement
  1183 | D:2      | 1183 ||| ACQUIRING +2 hat of the Gate {rC+ Slay+3}
  1183 | D:2      | Acquired the +2 hat of the Gate {rC+ Slay+3}
  1185 | D:2      | 1185 ||| UPGRADING to +2 hat of the Gate {rC+ Slay+3}.
  1190 | D:2      | 1190 ||| READING 3 scrolls of identify.
  1190 | D:2      | 1190 ||| IDENTIFYING bubbling emerald potion
  1191 | D:2      | 1191 ||| READING 2 scrolls of identify.
  1191 | D:2      | 1191 ||| IDENTIFYING smoky ruby potion
  1192 | D:2      | 1192 ||| DROPPING potion of ambrosia.
  1193 | D:2      | 1193 ||| DROPPING potion of degeneration.
  1661 | D:3      | Reached XP level 5. HP: 30/30 MP: 6/6
  1860 | D:4      | Found Zoduel's Jewellery Shoppe.
  1865 | D:4      | 1865 ||| SHOPLISTING amulet of faith (560 gold, have 218).
  1865 | D:4      | 1865 ||| SHOPLISTING ring of Xom's Whimsicality {Str+6
                  | Dex+3} (690 gold, have 218).
  1865 | D:4      | 1865 ||| SHOPLISTING ring of fire (350 gold, have 218).
  1865 | D:4      | 1865 ||| BUYING ring of see invisible (210 gold).
  1865 | D:4      | Bought a ring of see invisible for 210 gold pieces
  1902 | D:4      | Noticed a phantom
  1914 | D:4      | Killed a phantom
  1915 | D:4      | Reached skill level 5 in Ranged Weapons
  1981 | D:4      | 1981 ||| UPGRADING to ring of see invisible.
  1982 | D:4      | 1982 ||| READING scroll labelled PITOAW XOACS.
  2086 | D:4      | HP: 6/30 [iguana (9)]
  2087 | D:4      | 2087 ||| READING 2 scrolls of teleportation.
  2346 | D:4      | Found a stormy altar of Qazlal.
  2366 | D:4      | Reached XP level 6. HP: 36/36 MP: 7/7
  2376 | D:4      | Reached skill level 3 in Fighting
  2376 | D:4      | 2376 ||| FLEEEEING.
  2378 | D:4      | 2378 ||| FLEEEEING.
  2379 | D:4      | 2379 ||| FLEEEEING.
  2380 | D:4      | 2380 ||| FLEEEEING.
  2381 | D:4      | 2381 ||| FLEEEEING.
  2508 | D:4      | Found Solej Owu's Book Emporium.
  2620 | D:4      | Reached skill level 6 in Ranged Weapons
  2964 | D:4      | 2964 ||| READING scroll labelled QERULLUCKYF.
  2965 | D:4      | 2965 ||| READING scroll labelled REASAS ZINUK.
  2966 | D:4      | 2966 ||| READING scroll labelled ECUEZU YLOQITZU.
  2967 | D:4      | 2967 ||| READING 3 scrolls of identify.
  2967 | D:4      | 2967 ||| IDENTIFYING dark potion
  2968 | D:4      | 2968 ||| DROPPING potion of attraction.
  3017 | D:5      | Entered Level 5 of the Dungeon
  3044 | D:5      | Reached XP level 7. HP: 37/43 MP: 8/8
  3250 | D:5      | Found a staircase to the Ecumenical Temple.
  3251 | D:5      | 3251 ||| PLANNING TEMPLE
  3251 | D:5      | 3251 ||| READING 2 scrolls of identify.
  3251 | D:5      | 3251 ||| IDENTIFYING emerald potion
  3262 | D:5      | Reached skill level 7 in Ranged Weapons
  3312 | Temple   | Entered the Ecumenical Temple
  3536 | Temple   | 3536 ||| PLANNING D:1-11
  3606 | D:5      | Found an iron altar of Okawaru.
  3607 | D:5      | 3607 ||| PLANNING OKAWARU WORSHIP
  3607 | D:5      | 3607 ||| UPGRADING to +0 pair of boots.
  3614 | D:5      | Became a worshipper of Warmaster Okawaru
  3615 | D:5      | 3615 ||| PLANNING D:1-11
  3628 | D:5      | 3628 ||| READING scroll of enchant armour.
  3628 | D:5      | 3628 ||| ENCHANTING +0 pair of boots.
  3838 | D:5      | HP: 8/43 [ogre/+0 giant club (9)]
  3839 | D:5      | 3839 ||| READING scroll of teleportation.
  3840 | D:5      | 3840 ||| DRINKING potion of heal wounds.
  3844 | D:5      | Reached skill level 8 in Ranged Weapons
  3971 | D:5      | Reached XP level 8. HP: 48/48 MP: 9/9
  4044 | D:5      | You fall into a shaft and drop 2 floors!
  4044 | D:7      | Found Fiman's Antique Armour Shop.
  4045 | D:7      | Upgraded the game from 0.31-a0-218-g813d01f837 to
                  | 0.31-a0-219-g8d62b2e7bb
  4045 | D:7      | 4045 ||| PLANNING D:1-11
  4045 | D:7      | 4045 ||| SHOPLISTING runed scarf (240 gold, have 103).
  4081 | D:7      | HP: 10/48 [orc warrior/+0 long sword (3)]
  4086 | D:7      | HP: 4/48 [orc warrior/+0 long sword (6)]
  4091 | D:7      | Slain by an orc

Levels and vault maps discovered:
D:1:      kb_arrival_jail, layout_rooms, nrook_mini_backslash
D:2:      layout_basic, shapermc_ecumenical_altar_mp_urbaneastern, basic_altar,
          st_stairs_1, uniq_jessica
D:3:      layout_basic
D:4:      layout_rooms, mainiacjoe_overflow_paths, serial_co_window_serial,
          co_window_paths_b, co_window_paths_a, co_window_paths_b,
          co_window_paths_a, co_window_cross_1, co_window_broadway_b,
          co_window_broadway_a, co_window_corner_b, glass_columns_a,
          glass_columns_a, glass_columns_c, glass_columns_a, glass_columns_c,
          serial_shops, nicolae_shop_rolling_square, nicolae_stop_n_shop_2
D:5:      minmay_angry_zag, layout_cave_pods, kennysheep_mini_moat,
          minmay_temple_entry_drinking_statues, glass_columns_a,
          serial_bayou_lake_a
D:7:      layout_cave_pods, enter_bailey_8, serial_shops,
          nicolae_shop_real_fake_doors, uniq_joseph
Temple:   minmay_temple_bridge_d

Skill      XL: |  1  2  3  4  5  6  7  8 |
---------------+-------------------------+-----
Ranged Weapons | 3 4 5 6 8 |  8.0
Fighting       | 2 4 |  4.1
Armour         | 1 2 |  2.7
Dodging        | |  1.5
Spellcasting   | |  1.0
Hexes          | |  2.6

Action                     |  1- 3 |  4- 6 |  7- 9 || total
---------------------------+-------+-------+-------++-------
   Fire: Sling             |    92 |   211 |   143 ||   446
    Use: Scroll            |     3 |    10 |     3 ||    16
         Potion            |     1 |       |     1 ||     2
 Armour: Robe              |     3 |       |       ||     3
         Ring mail         |     5 |    43 |    41 ||    89
  Dodge: Dodged            |    29 |   121 |   100 ||   250

Table legend:
 A = Non-vault XP
 B = Vault XP
 C = Vault XP percentage of total XP
 D = Non-vault monster count
 E = Vault monster count
 F = Vault count percentage of total count
                 A         B        C        D         E       F
            +---------+---------+-------+---------+---------+-------
      Total |    1244 |      95 |   7.1 |      97 |       7 |   6.7
            +---------+---------+-------+---------+---------+-------
        D:1 |      28 |       0 |   0.0 |      16 |       0 |   0.0
        D:2 |      66 |      40 |  37.7 |      24 |       3 |  11.1
        D:3 |      35 |       0 |   0.0 |      19 |       0 |   0.0
        D:4 |     361 |       0 |   0.0 |      21 |       0 |   0.0
        D:5 |     624 |      55 |   8.1 |      16 |       4 |  20.0
        D:7 |     130 |       0 |   0.0 |       1 |       0 |   0.0
            +---------+---------+-------+---------+---------+-------
